 Dungeon Crawl Stone Soup version 0.19-a0-1632-g9dea0c8 (webtiles) character file.

1568 AlphabetPasta the Cleaver (level 8, -3/70 HPs)
             Began as a Minotaur Gladiator on Sept 21, 2016.
             Was a Follower of the Shining One.
             Killed from afar by Joseph (21 damage)
             ... with a wand of lightning
             ... on level 7 of the Dungeon.
             The game lasted 00:16:15 (4571 turns).

AlphabetPasta the Cleaver (Minotaur Gladiator)      Turns: 4571, Time: 00:16:16

Health: -3/70      AC: 10    Str: 21    XL:     8   Next: 59%
Magic:  9/9        EV: 18    Int:  5    God:    the Shining One [*.....]
Gold:   388        SH:  0    Dex: 12    Spells: 0 memorised, 7 levels left

rFire  + . .     SeeInvis .     a - +1 war axe
rCold  . . .     Gourm    .     r - +0 scale mail
rNeg   . . .     Faith    .     (no shield)
rPois  .         Spirit   .     c - +1 hat
rElec  .         Dismiss  .     (no cloak)
rCorr  .         Reflect  .     (no gloves)
MR     .....     Harm     .     k - +1 pair of boots
Stlth  ..........               (no amulet)
                                y - +5 ring of evasion
                                n - ring of protection from fire

@: glowing
A: retaliatory headbutt, horns 2
a: Renounce Religion


You were on level 7 of the Dungeon.
You worshipped the Shining One.
The Shining One was aware of your devotion.
You were not hungry.

You visited 2 branches of the dungeon, and saw 8 of its levels.

You collected 388 gold pieces.

Inventory:

Hand Weapons
 a - a +1 war axe (weapon)
 e - a +0 morningstar
 F - a +0 hand crossbow
Missiles
 d - 3 throwing nets (quivered)
 h - 67 bolts
Armour
 b - a +0 leather armour
 c - a +1 hat (worn)
 k - a +1 pair of boots (worn)
 r - a +0 scale mail (worn)
 t - a +0 plate armour
 w - a +0 pair of boots
Jewellery
 n - a ring of protection from fire (left hand)
 y - a +5 ring of evasion (right hand)
Wands
 x - a wand of confusion (25/48)
 B - a wand of teleportation (4/9)
 E - a wand of slowing (21/48)
 G - a wand of slowing (25/48)
Scrolls
 o - 2 scrolls of recharging
 C - 2 scrolls of enchant weapon
Potions
 i - 5 potions of curing
 j - a potion of magic {unknown}
 l - a potion of brilliance {unknown}
 m - 2 potions of agility
 p - a potion of might {unknown}
 v - a potion of degeneration {unknown}
 A - 2 potions of flight {unknown}
 D - a potion of resistance {unknown}
Comestibles
 f - 3 bread rations
 g - 2 fruits
 q - 2 slices of pizza
 s - 3 meat rations
 u - a beef jerky


   Skills:
 + Level 5.7 Fighting
 * Level 8.3 Axes
 * Level 2.0 Crossbows
 - Level 2.0 Throwing
 + Level 5.1 Armour
 + Level 6.1 Dodging
 + Level 3.2 Invocations


You had 7 spell levels left.
You didn't know any spells.

Dungeon Overview and Level Annotations

Branches:
Dungeon (7/15)             Temple (1/1) D:3
   Lair: D:-1         Crypt: Vaults:-1

Altars:
Ashenzari
Cheibriados
Dithmenos
Elyvilon
Gozag
Hepliaklqana
Kikubaaqudgha
Makhleb
Nemelex Xobeh
Qazlal
Ru
Sif Muna
Trog
Uskayaw
Xom
Yredelemnul
Zin
The Shining One

Shops:
D:5 :   D:7 }

Annotations:
D:7 Joseph


Innate Abilities, Weirdness & Mutations

You reflexively headbutt those who attack you in melee.
You have a pair of horns on your head.


Message History

Joseph completely misses you.
You slash Joseph!
Joseph is moderately wounded.
You hear a howl!
Joseph says, "You must be punished!
Or...
I want to punish you!" Joseph barely misses you.
You hit Joseph but do no damage.
Joseph is moderately wounded.
Joseph closely misses you. You furiously retaliate!
You headbutt Joseph.
A howler monkey comes into view.
You completely miss Joseph.
Joseph is moderately wounded.
Joseph zaps a wand.
The bolt of lightning hits you!
* * * LOW HITPOINT WARNING * * *
It is a wand of lightning.
The howler monkey hoots and howls with incredible vigour!
You hear a loud, deep croak!
You feel better.
The howler monkey moves out of view.
Joseph zaps a wand.
The bolt of lightning hits you!
You die...

## #.# #. ..# #.#.# #.
#.# #.#.# #. #.# #.#.#
#.###+#.#######.#.#
#...............#.#
#.......###(....#.#
#.......##......#.######
#............(((@.......
###.#+####......#@######
....# #...####a.. ##..#
#...# .##.# ##..# #.....
.. .. .(..+ ......# ##
#. ##..# ....$.. ##..#
...... ##..#


You could see Joseph and a worker ant.

Vanquished Creatures
  Grinder (D:5)
  A water moccasin (D:6)
  An ice beast (D:5)
  4 ogres
  2 centaurs
  A bullfrog (D:7)
  A scorpion (D:6)
  4 hounds
  3 orc wizards
  A bullfrog skeleton (D:6)
  An iguana (D:6)
  Terence (D:3)
  2 worker ants
  Natasha (thrice) (D:3)
  A hound skeleton (D:5)
  A worker ant zombie (D:6)
  A gnoll (D:1)
  5 adders
  An ooze (D:3)
  6 leopard geckos
  10 orcs
  2 giant cockroaches (D:3)
  5 goblins
  5 hobgoblins
  4 jackals
  6 kobolds
  7 quokkas
  A ball python (D:1)
  11 bats
  A frilled lizard (D:2)
  A leopard gecko skeleton (D:7)
  A leopard gecko zombie (D:5)
  6 rats
101 creatures vanquished.

Notes
Turn   | Place    | Note
-------+----------+-------------------------------------------
     0 | D:1      | AlphabetPasta the Minotaur Gladiator began the quest for the Orb.
     0 | D:1      | Reached XP level 1. HP: 18/18 MP: 0/0
   199 | D:1      | Reached skill level 4 in Axes
   199 | D:1      | Reached skill level 1 in Armour
   199 | D:1      | Reached XP level 2. HP: 21/25 MP: 1/1
  1023 | D:2      | Reached XP level 3. HP: 30/30 MP: 2/2
  1174 | D:2      | Found a glowing golden altar of the Shining One.
  1611 | D:3      | Found a hide-covered altar of Uskayaw.
  1650 | D:3      | Noticed Natasha
  1656 | D:3      | Killed Natasha
  1656 | D:3      | Reached XP level 4. HP: 28/38 MP: 3/3
  1671 | D:3      | Noticed Natasha
  1672 | D:3      | Killed Natasha
  1695 | D:3      | Found a shimmering altar of Xom.
  1714 | D:3      | Reached skill level 5 in Axes
  1714 | D:3      | Reached XP level 5. HP: 32/46 MP: 4/4
  1759 | D:3      | Noticed Terence
  1768 | D:3      | Killed Terence
  1847 | D:3      | Found a staircase to the Ecumenical Temple.
  1858 | Temple   | Entered the Ecumenical Temple
  1913 | D:3      | Found an opulent altar of Gozag.
  1969 | D:3      | Noticed Natasha
  1977 | D:3      | Killed Natasha
  2100 | D:2      | Became a worshipper of the Shining One
  2254 | D:4      | Reached XP level 6. HP: 50/52 MP: 5/5
  2406 | D:4      | Found a white marble altar of Elyvilon.
  2467 | D:4      | Reached skill level 6 in Axes
  2605 | D:5      | Entered Level 5 of the Dungeon
  2633 | D:5      | Noticed Grinder
  2641 | D:5      | Paralysed by Grinder for 6 turns
  2647 | D:5      | Killed Grinder
  2647 | D:5      | Reached skill level 1 in Invocations
  2647 | D:5      | Reached XP level 7. HP: 22/60 MP: 5/7
  2844 | D:5      | Found Eduilu's Book Shoppe.
  2888 | D:5      | Reached skill level 5 in Dodging
  2913 | D:5      | Found a deep blue altar of Sif Muna.
  2989 | D:5      | Reached skill level 7 in Axes
  3184 | D:5      | Found a stormy altar of Qazlal.
  3193 | D:5      | Reached skill level 5 in Fighting
  3638 | D:6      | Reached * piety under the Shining One
  3641 | D:6      | Reached XP level 8. HP: 68/68 MP: 8/8
  3955 | D:6      | Reached skill level 8 in Axes
  3956 | D:6      | Reached skill level 1 in Crossbows
  4043 | D:6      | Reached skill level 5 in Armour
  4333 | D:7      | Found a snail-covered altar of Cheibriados.
  4428 | D:7      | Found Lykeg's Gadget Shoppe.
  4556 | D:7      | Noticed Joseph
  4571 | D:7      | Killed from afar by Joseph

Vault maps used:
D:1:      dpeg_arrival_orchard
D:2:      wad_lake_hut, tso_metal_star, st_stairs_8
D:3:      lemuel_crystal_altar, lemuel_round_altar, grunt_gozag_statues,
          first_bread, uniq_terence, uniq_natasha
D:4:      nicolae_overflow_crystal_walls
D:5:      overflow_temple_1_default, marbit_many_paths, serial_shops,
          kennysheep_little_box, uniq_grinder
D:7:      cheibriados_altar_1, vehumet_statue, serial_shops, shop, uniq_joseph
Temple:   eino_wide_crystal_templ

Skill      XL: |  1  2  3  4  5  6  7  8 |
---------------+-------------------------+-----
Axes           | 4 5 6 7 8 |  8.3
Armour         | 1 2 3 4 5 |  5.1
Fighting       | 3 4 5 |  5.7
Dodging        | 4 5 6 |  6.1
Invocations    | 1 2 3 |  3.2
Crossbows      | 2 |  2.0
Throwing       | |  2.0

Action                   |  1- 3 |  4- 6 |  7- 9 || total
-------------------------+-------+-------+-------++-------
Melee: War axe           |    71 |    86 |    95 ||   252
       Headbutt          |    11 |    15 |    16 ||    42
  Use: Scroll            |     5 |     3 |     4 ||    12
       Potion            |       |       |     2 ||     2
  Eat: Chunk             |     2 |     4 |     6 ||    12
Armor: Leather armour    |    16 |       |       ||    16
       Scale mail        |    13 |    34 |    26 ||    73
Dodge: Dodged            |    54 |    40 |    56 ||   150
